 Dungeon Crawl Stone Soup version 0.28-b1-25-g9875b3fc8c (webtiles) character file.

Game seed: 11452823303932124796

50 skusey55 the Cudgeller (level 3, 0/34 HPs)
             Began as a Minotaur Berserker on Feb 3, 2022.
             Was a Follower of Trog.
             Succumbed to Blork the orc's poison
             ... on level 5 of the Dungeon.
             The game lasted 00:13:21 (731 turns).

skusey55 the Cudgeller (Minotaur Berserker)          Turns: 731, Time: 00:13:22

Health: 0/34       AC:  9    Str: 23    XL:     3   Next: 55%
Magic:  2/2        EV:  8    Int:  4    God:    Trog [*.....]
Gold:   39         SH:  0    Dex:  9    Spells: 2/2 levels left

rFire   . . .      SeeInvis .   a - +0 mace
rCold   . . .      Faith    .   (no shield)
rNeg    . . .      Spirit   .   l - +0 chain mail
rPois   .          Reflect  .   (helmet restricted)
rElec   .          Harm     .   (no cloak)
rCorr   .          Rampage  .   (no gloves)
Will    .....                   (no boots)
Stlth   ..........              (no amulet)
HPRegen 0.11/turn               (no ring)
MPRegen 0.08/turn               (no ring)

@: lethally poisoned (0 -> -26), about to teleport, weak-willed, on berserk
cooldown, slowed, very slow
A: horns 2, retaliatory headbutt
a: Renounce Religion, Berserk


You were on level 5 of the Dungeon.
You worshipped Trog.
Trog was aware of your devotion.
You visited 1 branch of the dungeon, and saw 5 of its levels.

You collected 39 gold pieces.

Inventory:

Hand Weapons
 a - a +0 mace (weapon)
 h - a +0 short sword
 i - a +0 club
 k - a +0 short sword
Missiles
 c - 23 stones (quivered)
 j - 44 sling bullets
Armour
 b - a +0 animal skin
 f - a +0 leather armour
 l - a +0 chain mail (worn)
 q - a +0 ring mail
 r - a +0 helmet
 t - a +0 robe
Scrolls
 n - a scroll of identify {unknown}
Potions
 g - a potion of lignification {unknown}
 m - a potion of heal wounds {unknown}
 o - a potion of attraction {unknown}
 p - a potion of magic {unknown}
 s - a potion of mutation {unknown}


   Skills:
 + Level 4.4 Fighting
 + Level 4.6 Maces & Flails
 + Level 2.7 Armour
 + Level 2.5 Dodging


You had 2 spell levels left.
You didn't know any spells.
Your spell library contained the following spells:

 Spells                   Type           Power      Damage    Failure   Level
 Malign Gateway           Summ/Tloc      0%         N/A       100%        7
 Summon Horrible Things   Summ           0%         N/A       100%        8


Dungeon Overview and Level Annotations

Branches:
Dungeon (5/15)
 Temple: D:4-7

Altars:

Annotations:
D:5 Blork the orc


Innate Abilities, Weirdness & Mutations

You have a pair of horns on your head.
You reflexively headbutt those who attack you in melee.


Message History

You have reached level 3!
Your experience leads to an increase in your attributes!
Increase (S)trength, (I)ntelligence, or (D)exterity?
Uppercase letters only, please.
You feel stronger. x2
You feel a strong urge to attack something.
Blork the orc hits you from afar with a +0 trident of venom.
You feel your anger nearly subside.
Blork the orc gestures at you while chanting.
The puff of flame misses you.
You are no longer berserk.
You are exhausted.
You feel yourself slow down. Blork the orc barely misses you.
Blork the orc completely misses you.
You closely miss Blork the orc.
Blork the orc hits you but does no damage.
You are poisoned.
Blork the orc looks braver for a moment.
You barely miss Blork the orc.
You feel very sick.
Blork the orc hits you but does no damage.
You are more poisoned.
You sock Blork the orc!
Blork the orc is moderately wounded.
You feel very sick.
Blork the orc hits you with a +0 trident of venom!
You are lethally poisoned!
Blork the orc looks braver for a moment.
You're still recovering from your berserk rage.
As you read the scroll labelled POSAWO FECAKABB, it crumbles to dust.
Magic quickly surges around you.
It was a scroll of vulnerability.
* * * LOW HITPOINT WARNING * * *
You feel extremely sick.
Blork the orc hits you with a +0 trident of venom.
* * * LOW HITPOINT WARNING * * *
You are more poisoned.
Blork the orc completely misses you.
As you read the scroll labelled PUIPSAASEM, it crumbles to dust.
You feel strangely unstable.
It was a scroll of teleportation.
You die...

......................>#.#######
######.#########.#####.#.##....#
...# #.#######.##....## #.#.#
#................. ......
#.....###.######## ### ..#
#.....###.# ...# #.........#
#.## #######....#############
.......@................
#######o################ ...#
.....# #.....# #####+#


You could see Blork the orc (weak-willed).

Vanquished Creatures
  An iguana (D:5)
  An adder (D:3)
  An orc (D:2)
  An endoplasm (D:1)
  A giant cockroach (D:2)
  A hobgoblin (D:2)
  A kobold (D:2)
  2 ball pythons
  3 bats
  A frilled lizard (D:3)
  2 goblins
  2 rats
17 creatures vanquished.

Notes
Turn   | Place    | Note
-------+----------+-------------------------------------------
     0 | D:1      | skusey55 the Minotaur Berserker began the quest for the
                  | Orb.
     0 | D:1      | Reached XP level 1. HP: 19/19 MP: 0/0
   136 | D:1      | Found a faded altar of an unknown god.
   241 | D:2      | Reached XP level 2. HP: 19/27 MP: 1/1
   608 | D:5      | Entered Level 5 of the Dungeon
   720 | D:5      | Noticed Blork the orc
   722 | D:5      | Reached XP level 3. HP: 34/34 MP: 2/2
   731 | D:5      | Succumbed to Blork the orc's poison

Illustrated notes

Levels and vault maps discovered:
D:1:      saegor_arrival_simple_e, layout_rooms,
          hellmonk_ecumenical_altar_crossroads
D:2:      layout_rooms, grunt_decor_fettered
D:3:      layout_loops_ring, mainiacjoe_overflow_paths, uniq_ijyb
D:4:      layout_loops_ring, minmay_temple_entry_antechambers,
          cheibrodos_sewer_entry_sluice, minmay_three_crescents, uniq_grinder,
          uniq_robin
D:5:      layout_basic, minmay_misc_feat_x, uniq_blork_the_orc

Skill      XL: |  1  2 |
---------------+-------+-----
Fighting       | 4 |  4.4
Maces & Flails | 4 |  4.6
Armour         | |  2.7
Dodging        | |  2.5

Action                   || total
-------------------------++-------
Melee: Mace              ||    31
       Headbutt          ||     2
       Punch             ||     1
Throw: Stone             ||     2
Invok: Berserk           ||     1
  Use: Scroll            ||     2
Armor: Leather armour    ||     3
       Animal skin       ||     3
       Chain mail        ||     8
Dodge: Dodged            ||    17
